Map: Thunderbird LE

Players

playezvibe - Winner!

  • Race: Zerg Zerg
  • Spawn Location: 5:00

angryfish

  • Race: Terran Terran
  • League: Silver
  • Spawn Location: 11:00

VOD

Have the link to the VOD?

Description

Time

  • Played on: June 2, 2019, 7:57 a.m.
  • Length: 22:12
Show
View Real Time Build Order
Export as new Build Order

playezvibe Zerg - Winner!

Build Orders: Pool First 

Get SALT Encoding   

  12  0:12  Drone x2  
  14  0:19  Extractor  
  13  0:23  Extractor  
  13  0:25  Drone x2  
  16  0:37  Overlord  
  16  0:50  Spawning Pool  
  15  0:57  Drone  
  15  0:58  Drone  
  17  1:23  Drone x2, Hatchery  
  18  1:30  Extractor  
  17  1:39  Drone  
  19  1:40  Drone  
  19  1:42  Queen  
  21  2:12  Zergling x2, Overlord  
  22  2:32  Zergling x2  
  22  2:33  Zergling x2  
  24  2:41  Metabolic Boost  
  24  2:43  Queen  
  26  2:50  Overlord x2  
  26  3:03  Drone x3  
  26  3:04  Drone x2  
  31  3:12  Drone x2  
  33  3:20  Lair  
  33  3:44  Drone x2  
  33  3:45  Drone x3  
  38  3:50  Drone  
  38  3:51  Overlord  
  38  3:52  Overlord  
  36  4:34  Spire  
  36  4:38  Extractor  
  34  4:52  Drone  
  35  4:53  Drone x2  
  37  5:03  Hatchery  
  36  5:11  Evolution Chamber  
  35  5:21  Infestation Pit  
  35  5:43  Extractor  
  35  5:46  Queen  
  36  5:50  Zerg Flyer Weapons Level 1  
  36  5:51  Extractor  
  36  5:55  Drone x3  
  38  6:25  Queen  
  40  6:28  Queen  
  40  6:29  Drone  
  40  6:30  Drone x2  
  45  6:36  Overlord  
  45  6:37  Overlord x2  
  45  6:51  Mutalisk  
  47  6:58  Drone x3  
  47  6:59  Drone x3  
  53  7:19  Mutalisk x2  
  53  7:20  Mutalisk  
  59  7:27  Hive  
  59  7:35  Spire  
  58  7:40  Drone x3  
  58  7:41  Drone x3  
  64  7:47  Extractor  
  63  7:52  Extractor  
  63  7:55  Drone x3  
  63  7:56  Drone x3  
  68  8:01  Zerg Flyer Armor Level 1  
  68  8:05  Mutalisk x3  
  75  8:12  Drone  
  75  8:13  Drone  
  75  8:14  Drone  
  77  8:29  Overseer  
  77  8:33  Pneumatized Carapace  
  77  8:40  Mutalisk x2  
  81  9:05  Drone  
  82  9:11  Overlord x3  
  82  9:31  Mutalisk x2  
  82  9:32  Mutalisk x4  
  82  9:33  Mutalisk x2  
  98  9:38  Hatchery  
  98  9:41  Greater Spire  
  97  9:48  Overlord x3  
  97  9:56  Overlord x2  
  97  9:57  Overlord  
  97  10:25  Mutalisk x2  
  97  10:26  Mutalisk  
  103  10:51  Overlord x3  
  103  11:15  Drone x3  
  106  11:37  Mutalisk  
  106  11:38  Mutalisk x5  
  106  11:39  Mutalisk x4  
  122  11:40  Mutalisk x2  
  122  11:42  Extractor  
  122  11:46  Extractor  
  128  11:47  Mutalisk x3  
  128  11:48  Mutalisk x3  
  140  11:54  Mutalisk x2  
  144  12:03  Drone  
  144  12:04  Drone x2  
  147  12:17  Zerg Flyer Armor Level 2  
  147  12:19  Zerg Flyer Weapons Level 2  
  147  12:25  Mutalisk  
  147  12:26  Mutalisk  
  151  12:32  Overlord x4  
  151  12:33  Overlord x3  
  151  12:40  Overseer  
  151  12:42  Overseer  
  151  12:44  Overseer  
  151  12:46  Overseer  
  151  13:02  Mutalisk x3  
  151  13:03  Mutalisk x3  
  163  13:13  Mutalisk x2  
  167  13:25  Mutalisk x2  
  171  13:35  Queen  
  173  13:43  Mutalisk x4  
  181  13:51  Mutalisk x2  
  185  14:00  Mutalisk x2  
  189  14:09  Mutalisk x2  
  193  14:20  Mutalisk  
  193  14:21  Mutalisk  
  197  14:39  Mutalisk  
  199  15:08  Zerg Flyer Weapons Level 3  
  199  15:10  Zerg Flyer Armor Level 3  
  105  17:18  Corruptor x3  
  109  17:26  Corruptor x5  
  109  17:27  Corruptor x3  
  84  18:02  Corruptor x3  
  84  18:08  Corruptor  
  84  18:09  Corruptor x5  
  84  18:10  Corruptor x4  
  84  18:11  Corruptor x2  
  104  18:17  Corruptor x3  
  108  18:45  Corruptor x3  
  114  18:55  Brood Lord x3  
  116  18:58  Brood Lord  
  116  18:59  Brood Lord x3  
  105  19:42  Corruptor  
  105  19:43  Corruptor x2  
  111  19:49  Zergling x4  
  111  19:50  Zergling x2  
  114  19:55  Drone x2  
  114  19:56  Drone x5  
  114  19:57  Drone x5  
Show
View Real Time Build Order
Export as new Build Order

angryfish Terran 

Build Orders:  

Get SALT Encoding   

  12  0:00  SCV  
  13  0:13  Supply Depot  
  13  0:18  SCV  
  14  0:30  SCV  
  15  0:40  Barracks  
  15  0:42  SCV  
  16  0:46  Refinery  
  16  0:51  Refinery  
  16  0:54  SCV  
  17  1:06  SCV  
  18  1:18  SCV  
  19  1:28  Marine  
  19  1:30  SCV  
  21  1:35  Supply Depot  
  21  1:41  Factory  
  21  1:43  SCV  
  21  1:45  Marine  
  23  2:00  Orbital Command  
  23  2:03  Marine  
  24  2:21  Marine  
  25  2:26  Factory Tech Lab  
  25  2:27  SCV  
  26  2:39  Supply Depot, Marine  
  26  2:40  SCV  
  28  2:46  Siege Tank  
  31  2:59  Barracks Tech Lab  
  31  3:00  SCV  
  31  3:03  Starport  
  32  3:07  Engineering Bay  
  32  3:12  SCV  
  32  3:18  Combat Shield, Marine  
  34  3:25  SCV  
  35  3:37  Marine  
  35  3:39  Siege Tank  
  39  3:43  Starport Tech Lab  
  39  3:51  Command Center  
  39  3:58  Supply Depot  
  39  4:19  Marine  
  39  4:20  Medivac, SCV  
  39  4:22  Supply Depot  
  43  4:24  Siege Tank  
  46  4:32  SCV  
  46  4:37  Terran Infantry Weapons Level 1, Concussive Shells  
  47  4:43  Marine  
  47  4:44  SCV, Supply Depot  
  49  4:56  SCV  
  49  4:58  Refinery x2  
  50  5:06  Supply Depot  
  50  5:08  SCV  
  51  5:15  Sensor Tower  
  51  5:19  Marine  
  51  5:20  SCV  
  53  5:27  Orbital Command  
  53  5:32  SCV  
  54  5:37  Marine  
  54  5:38  Barracks  
  54  5:40  Medivac  
  57  5:44  SCV  
  58  5:52  SCV  
  58  5:55  Marine  
  58  5:57  SCV  
  61  6:03  Starport  
  61  6:04  SCV  
  61  6:09  SCV  
  63  6:12  Marine  
  63  6:17  SCV  
  65  6:21  SCV, Missile Turret  
  66  6:26  Viking  
  66  6:29  SCV  
  66  6:30  Marine  
  66  6:32  Hi-Sec Auto Tracking  
  70  6:33  SCV  
  70  6:38  Armory  
  71  6:40  Barracks Reactor  
  71  6:41  SCV  
  71  6:45  SCV, Missile Turret  
  73  6:53  SCV  
  74  6:57  SCV  
  75  7:05  SCV  
  75  7:08  Starport Tech Lab  
  76  7:09  SCV  
  76  7:13  Starport, Viking  
  79  7:17  SCV  
  79  7:21  SCV  
  81  7:29  SCV  
  82  7:31  Marine x2  
  82  7:33  SCV  
  85  7:41  SCV  
  85  7:42  Terran Infantry Weapons Level 2  
  86  7:44  Fusion Core, Terran Ship Weapons Level 1  
  86  7:50  Supply Depot  
  86  7:54  Supply Depot  
  86  8:12  SCV x2, Viking x2, Marine x2  
  94  8:15  Starport Tech Lab  
  94  8:16  Siege Tank  
  97  8:22  Starport  
  97  8:24  SCV x2, Supply Depot  
  99  8:29  Sensor Tower  
  99  8:36  SCV, Viking  
  102  8:45  SCV, Viking x2, Marine x3  
  110  8:58  Supply Depot  
  110  9:01  Supply Depot  
  110  9:02  Starport Tech Lab  
  110  9:05  Starport  
  110  9:14  Command Center  
  110  9:20  SCV x2, Supply Depot  
  110  9:24  Marine x3  
  112  9:26  Siege Tank  
  112  9:31  Cloaking Field  
  118  9:32  SCV  
  119  9:39  Terran Vehicle Weapons Level 1, Supply Depot  
  119  9:44  Supply Depot  
  119  9:53  Refinery  
  119  9:55  Starport Tech Lab  
  119  9:57  Refinery  
  119  9:59  Terran Infantry Armor Level 1  
  119  10:01  Starport  
  119  10:03  Battlecruiser x2  
  119  10:05  Supply Depot  
  131  10:16  Missile Turret  
  131  10:17  Missile Turret  
  131  10:32  Supply Depot  
  131  10:38  Battlecruiser  
  131  10:40  Starport Tech Lab  
  137  10:47  Starport  
  137  10:54  Supply Depot  
  137  11:00  Orbital Command  
  137  11:11  Missile Turret  
  137  11:14  Siege Tank, Missile Turret  
  137  11:15  Battlecruiser  
  146  11:28  Starport Tech Lab  
  146  11:48  Supply Depot  
  146  11:52  Terran Ship Weapons Level 2  
  146  11:53  Terran Infantry Weapons Level 3  
  146  11:57  Battlecruiser  
  152  12:07  Sensor Tower  
  152  12:10  Command Center  
  152  12:15  Marine x2  
  154  12:22  Battlecruiser  
  160  12:33  Supply Depot  
  160  12:48  Refinery  
  160  12:52  Refinery, Battlecruiser  
  166  13:22  Battlecruiser x2  
  178  13:27  Orbital Command  
  178  14:26  Battlecruiser x3  
  196  15:21  Command Center  
  196  15:25  Refinery  
  167  15:47  Refinery  
  130  15:54  Viking  
  130  15:55  Battlecruiser x5  
  130  15:56  Battlecruiser  
  87  16:21  Marine x2  
  87  16:22  Marine  
  87  16:24  Battlecruiser  
  86  16:38  Marine  
  83  16:40  Marine  
  83  16:44  Marine  
  73  17:16  Viking  
  73  17:17  Viking x5  
  49  18:36  Barracks  
  49  18:37  Barracks  
  49  18:40  Barracks  
  49  18:42  Barracks  
  41  19:24  Barracks Reactor x2  
  41  19:28  Barracks Reactor  
  41  19:30  Barracks Reactor  
  33  19:43  Missile Turret  
  31  19:48  Missile Turret  
  31  20:08  Marine x3  
  31  20:09  Marine x5  
  39  20:25  Marine  
  39  20:26  Marine x6  
  39  20:27  Marine  
  47  20:43  Marine x2  
  47  20:44  Marine x6  
  55  21:01  Marine x3  
  55  21:02  Marine x5  
  63  21:19  Marine x3  
  63  21:20  Marine x5  
  56  21:37  Marine x3  
  56  21:38  Marine x5  
Tags
 
League
Silver
Matchup
TvZ
Opening
Pool First
Spawn Locations
Cross Positions
Add a new tag
Caveats
  • Supply blocks, unpowered buildings, or Contaminate may cause inaccurate times.
  • Supply counts are checked every 10 seconds.